Map: Turbo Cruise '84 LE

Players

JustFountain - Winner!

  • Race: Zerg Zerg
  • League: Gold
  • Spawn Location: 7:00

SandboX

  • Race: Zerg Zerg
  • League: Gold
  • Spawn Location: 3:00

VOD

Have the link to the VOD?

Description

Time

  • Played on: Aug. 11, 2019, 4:02 p.m.
  • Length: 8:24
Show
View Real Time Build Order
Export as new Build Order

JustFountain Zerg - Winner!

Build Orders: Hatch First 

Get SALT Encoding   

  12  0:02  Drone  
  13  0:13  Overlord  
  13  0:23  Drone  
  14  0:32  Drone x2  
  16  0:37  Drone  
  17  0:54  Hatchery  
  16  0:57  Drone  
  17  1:06  Drone  
  17  1:09  Drone  
  19  1:16  Extractor  
  18  1:20  Spawning Pool  
  18  1:22  Drone  
  18  1:30  Drone  
  19  1:45  Overlord  
  19  1:51  Drone  
  20  2:07  Queen  
  20  2:08  Queen  
  24  2:09  Drone  
  24  2:10  Drone  
  26  2:19  Roach Warren  
  25  2:26  Zergling x6  
  28  2:34  Zergling x4  
  31  2:44  Zergling x2  
  31  2:54  Zergling x4  
  31  2:58  Overlord  
  33  3:00  Drone  
  33  3:03  Queen  
  36  3:09  Lair  
  36  3:20  Overlord x2  
  36  3:49  Drone x9  
  46  4:02  Drone  
  46  4:03  Drone  
  46  4:08  Roach  
  41  4:20  Roach x2, Spine Crawler  
  41  4:22  Spine Crawler  
  41  4:23  Spine Crawler  
  42  4:28  Drone x2  
  44  4:33  Glial Reconstitution  
  44  4:44  Roach x4  
  50  4:51  Roach x2  
  38  5:03  Drone x2  
  40  5:12  Roach x2  
  40  5:13  Roach x2  
  48  5:18  Roach  
  48  5:20  Queen  
  52  5:27  Overlord  
  52  5:47  Roach x3  
  52  5:48  Roach  
  60  5:56  Extractor  
  60  5:57  Overlord x4  
  53  6:10  Roach x2  
  57  6:13  Drone  
  60  6:25  Roach  
  60  6:26  Roach  
  60  6:28  Queen  
  64  6:38  Drone  
  64  6:39  Drone x3  
  68  6:51  Roach  
  68  6:52  Roach x2  
  74  7:09  Evolution Chamber  
  74  7:12  Evolution Chamber  
  74  7:15  Roach  
  74  7:16  Roach x4  
  74  7:22  Drone  
  83  7:30  Overseer  
  83  7:35  Roach  
  83  7:36  Roach  
  87  7:39  Extractor  
  87  7:41  Extractor  
  85  7:54  Roach  
  85  7:55  Roach x2  
  85  7:56  Overlord  
Show
View Real Time Build Order
Export as new Build Order

SandboX Zerg 

Build Orders: Hatch First, Zergling Baneling 

Get SALT Encoding   

  12  0:01  Drone  
  13  0:12  Overlord  
  13  0:23  Drone  
  14  0:31  Drone x2  
  14  0:34  Drone  
  17  0:52  Hatchery  
  17  0:56  Drone  
  17  0:59  Drone  
  17  1:03  Extractor  
  17  1:07  Drone  
  18  1:20  Spawning Pool  
  18  1:22  Drone  
  18  1:30  Drone  
  19  1:45  Overlord  
  19  2:06  Zergling x4  
  19  2:07  Zergling x2  
  19  2:08  Queen x2  
  22  2:12  Metabolic Boost  
  26  2:21  Drone x2  
  28  2:34  Drone x3  
  31  3:04  Baneling Nest  
  31  3:05  Zergling x2  
  31  3:06  Zergling x2  
  31  3:07  Zergling x6  
  35  3:14  Hatchery  
  35  3:19  Drone  
  36  3:20  Drone  
  36  3:23  Overlord  
  36  3:25  Overlord  
  36  3:48  Baneling x8  
  35  3:54  Zergling x12  
  40  4:05  Spine Crawler  
  38  4:12  Zergling x4  
  40  4:20  Drone x2  
  40  4:21  Spine Crawler  
  41  4:27  Queen  
  41  4:30  Zergling x2  
  41  4:31  Zergling x2  
  40  4:53  Drone x2, Zergling x2  
  40  4:54  Zergling x12  
  41  5:14  Baneling x2  
  41  5:17  Zergling x12  
  41  5:18  Zergling x6  
  49  5:27  Baneling  
  49  5:28  Baneling x7  
  49  5:51  Zergling x4  
  49  5:52  Zergling x14  
  42  6:09  Lair  
  42  6:10  Roach Warren  
  38  6:20  Drone x5  
  38  6:39  Zergling x12  
  44  6:46  Baneling x6  
  44  6:52  Drone x3  
  44  6:53  Drone  
  48  7:14  Drone x9  
  57  7:21  Extractor  
  56  7:23  Extractor  
  56  7:28  Evolution Chamber  
  54  7:34  Evolution Chamber  
  53  7:52  Roach x2  
  53  7:54  Overlord x5  
Tags
 
Add a new tag
Caveats
  • Supply blocks, unpowered buildings, or Contaminate may cause inaccurate times.
  • Supply counts are checked every 10 seconds.